 Dungeon Crawl Stone Soup version 0.22.1-5-g62c59d919a (webtiles) character file.

242 Peloso the Shield-Bearer (level 5, -3/46 HPs)
             Began as a Minotaur Fighter on Jan 12, 2019.
             Slain by a two-headed ogre
             ... wielding a +0 giant club
              (14 damage)
             ... on level 4 of the Dungeon.
             The game lasted 00:02:57 (2735 turns).

Peloso the Shield-Bearer (Minotaur Fighter)         Turns: 2735, Time: 00:02:57

Health: -3/46      AC:  7    Str: 27    XL:     5   Next: 81%
Magic:  4/4        EV:  8    Int:  2    God:
Gold:   120        SH: 10    Dex: 11    Spells: 4/4 levels left

rFire    . . .     SeeInvis .   a - +0 long sword
rCold    . . .     Gourm    .   c - +0 shield
rNeg     . . .     Faith    .   b - +0 scale mail
rPois    .         Spirit   .   (helmet restricted)
rElec    .         Reflect  .   (no cloak)
rCorr    .         Harm     +   (no gloves)
MR       .....                  (no boots)
Stlth    ..........             l - amulet of harm
HPRegen  0.15/turn              i - +2 ring of strength
MPRegen  0.09/turn              k - -3 ring of intelligence (curse)

@: mighty, lethally poisoned (-3 -> -5)
A: retaliatory headbutt, horns 2
a: no special abilities


You were on level 4 of the Dungeon.
You were not hungry.

You visited 1 branch of the dungeon, and saw 4 of its levels.

You collected 120 gold pieces.

Inventory:

Hand Weapons
 a - a +0 long sword (weapon)
 y - a cursed -3 short sword
Armour
 b - a +0 scale mail (worn)
 c - a +0 shield (worn)
Jewellery
 i - a +2 ring of strength (left hand)
 k - a cursed -3 ring of intelligence (right hand)
 l - an amulet of harm (around neck)
Wands
 q - a wand of iceblast (6)
 u - a wand of random effects (20)
Scrolls
 g - a scroll of enchant armour {unknown}
 h - a scroll of magic mapping {unknown}
 j - 5 scrolls of identify {unknown}
 m - a scroll of fog {unknown}
 n - a scroll of immolation {unknown}
 o - a scroll of remove curse {unknown}
 r - a scroll of teleportation {unknown}
 w - a scroll of blinking {unknown}
Potions
 e - a potion of heal wounds {unknown}
 p - a potion of brilliance {unknown}
 s - 3 potions of curing {unknown}
 t - 2 potions of resistance {unknown}
 v - a potion of magic {unknown}
Comestibles
 f - 2 rations


   Skills:
 + Level 4.2 Fighting
 + Level 4.6 Long Blades
 + Level 4.8 Armour
 + Level 0.8 Dodging
 + Level 0.6 Stealth
 + Level 5.2 Shields


You had 4 spell levels left.
You didn't know any spells.
Your spell library contained the following spells:

 Spells                   Type           Power        Failure   Level  Hunger
 Animate Skeleton         Necr           N/A          99%         1    ##.....
 Apportation              Tloc           #.....       99%         1    ##.....
 Confusing Touch          Hex            #.....       99%         1    ##.....
 Summon Small Mammal      Summ           #...         99%         1    ##.....


Dungeon Overview and Level Annotations

Branches:
Dungeon (4/15)
 Temple: D:4-7

Altars:
Vehumet

Shops:
D:4 (


Innate Abilities, Weirdness & Mutations

You reflexively headbutt those who attack you in melee.
You have a pair of horns on your head.


Message History

You feel very mighty all of a sudden. The worker ant bites you.
You slash the worker ant! Your headbutt misses the worker ant.
The worker ant is almost dead.
You feel sick. You block the worker ant's attack.
You hit the two-headed ogre.
Your headbutt misses the two-headed ogre.
The two-headed ogre is lightly wounded.
Your shield prevents you from hitting the two-headed ogre.
Your headbutt misses the two-headed ogre.
The two-headed ogre is lightly wounded.
You feel sick.
The two-headed ogre hits you with a giant club!
* * * LOW HITPOINT WARNING * * *
You block the two-headed ogre's attack.
You barely miss the two-headed ogre.
Your headbutt misses the two-headed ogre.
The two-headed ogre is lightly wounded.
The two-headed ogre hits you with a giant club!
You die...

#. #÷# #.###
#.<.## #.#..##
#..#..####
##.#......
##...#.###
####...##...
###aO@.#...####
##...######....
#######..###
###.#
#........# .
#........#
#....w...#
####.#####
#∩.....#
#......#


You could see a two-headed ogre and a worker ant.

Vanquished Creatures
  An orc wizard (D:4)
  An orc priest (D:4)
  2 worker ants (D:4)
  5 adders
  3 gnolls (D:4)
  A worm (D:3)
  A dart slug (D:1)
  2 leopard geckos
  4 orcs
  5 giant cockroaches
  6 goblins
  3 hobgoblins
  3 jackals (D:1)
  6 kobolds
  A quokka (D:2)
  A bat (D:1)
  7 frilled lizards
  3 rats
55 creatures vanquished.

Notes
Turn   | Place    | Note
-------+----------+-------------------------------------------
     0 | D:1      | Peloso the Minotaur Fighter began the quest for the Orb.
     0 | D:1      | Reached XP level 1. HP: 19/19 MP: 0/0
   111 | D:1      | Reached XP level 2. HP: 27/27 MP: 1/1
   184 | D:1      | Reached skill level 4 in Shields
   652 | D:2      | Reached XP level 3. HP: 33/33 MP: 2/2
  1651 | D:3      | Reached XP level 4. HP: 33/40 MP: 3/3
  1859 | D:3      | Found a radiant altar of Vehumet.
  2434 | D:4      | Reached skill level 5 in Shields
  2434 | D:4      | Reached XP level 5. HP: 28/46 MP: 4/4
  2710 | D:4      | Found Labu's Weapon Emporium.
  2715 | D:4      | Noticed a two-headed ogre
  2735 | D:4      | Slain by a two-headed ogre

Skill      XL: |  1  2  3  4 |
---------------+-------------+-----
Shields        | 4 5 |  5.2
Armour         | 4 |  4.8
Fighting       | 4 |  4.2
Long Blades    | 3 4 |  4.6
Dodging        | |  0.8
Stealth        | |  0.6

Action                   |  1- 3 |  4- 6 || total
-------------------------+-------+-------++-------
Melee: Long sword        |    93 |    51 ||   144
       Headbutt          |    11 |     6 ||    17
  Use: Potion            |       |     1 ||     1
  Eat: Chunk             |     1 |     5 ||     6
Armor: Scale mail        |    50 |    18 ||    68
Dodge: Dodged            |    30 |    11 ||    41
Block: Shield            |    54 |    29 ||    83
       Rpst.: Long sword |    10 |     5 ||    15
